 Dungeon Crawl Stone Soup version 0.22-a0-247-gbddf880 (webtiles) character file.

114 KristoblXynda the Slasher (level 4, -1/36 HPs)
             Began as a Draconian Gladiator on Feb 24, 2018.
             Slain by Terence
             ... wielding a +3 short sword of flaming
              (6 damage)
             ... on level 2 of the Dungeon.
             The game lasted 00:02:16 (2128 turns).

KristoblXynda the Slasher (Draconian Gladiator)     Turns: 2128, Time: 00:02:18

Health: -1/36      AC:  5    Str: 16    XL:     4   Next: 66%
Magic:  4/4        EV: 13    Int:  9    God:
Gold:   46         SH:  0    Dex: 13    Spells: 3/3 levels left

rFire    . . .     SeeInvis .   a - +0 long sword
rCold    . . .     Gourm    .   (no shield)
rNeg     . . .     Faith    .   (armour unavailable)
rPois    .         Spirit   .   b - +0 hat
rElec    .         Reflect  .   (no cloak)
rCorr    .         Harm     .   (no gloves)
MR       .....                  (no boots)
Stlth    +.........             (no amulet)
HPRegen  0.12/turn              l - ring of flight
MPRegen  0.09/turn              (no ring)

@: no status effects
A: unfitting armour, cold-blooded, AC +5
a: Evoke Flight


You were on level 2 of the Dungeon.
You were hungry.

You visited 1 branch of the dungeon, and saw 2 of its levels.

You collected 46 gold pieces.

Inventory:

Hand Weapons
 a - a +0 long sword (weapon)
Armour
 b - a +0 hat (worn)
Jewellery
 l - a ring of flight (left hand)
Scrolls
 e - a scroll of identify {unknown}
 g - a scroll of remove curse {unknown}
 h - a scroll of fear {unknown}
 i - a scroll of magic mapping {unknown}
 n - a scroll of random uselessness {unknown}
Potions
 f - 2 potions of agility {unknown}
 j - a potion of brilliance {unknown}
 k - a potion of magic {unknown}
 m - a potion of heal wounds {unknown}
Comestibles
 d - 3 rations


   Skills:
 - Level 2.1 Fighting
 * Level 4.6 Long Blades
 - Level 2.0 Throwing
 + Level 3.5 Dodging


You had 3 spell levels left.
You didn't know any spells.

Dungeon Overview and Level Annotations

Branches:
Dungeon (2/15)

Altars:

Annotations:
D:2 Terence


Innate Abilities, Weirdness & Mutations

Your plain brown scales are hard. (AC +5)
You cannot fit into any form of body armour.
You are cold-blooded and may be slowed by cold attacks.


Message History

Terence is severely wounded.
Terence struggles against the net.
You hit Terence.
Terence is almost dead.
Terence struggles against the net.
The net rips apart, and Terence comes free!
You barely miss Terence.
Your tail-slap misses Terence.
Terence is almost dead.
Terence hits you with a short sword of flaming.
* * * LOW HITPOINT WARNING * * *
Terence burns you.
* * * LOW HITPOINT WARNING * * *
You barely miss Terence.
Terence is almost dead.
Terence hits you with a short sword of flaming.
* * * LOW HITPOINT WARNING * * *
Terence burns you.
* * * LOW HITPOINT WARNING * * *
Terence hits you with a short sword of flaming.
You die...

#.....##.##.#..............(.....
#......................(.........
#...........#....................
..##........####......#####...###
...[#.#.##.# #.#....### #.#..#
####.#.##.# #.#......# #.##.#
#.#.##.# #.#.#..#.# #.# .#
#.#.##.# #.@K#....# #.. b.
######......# #@#####..#
#).......# #...#....#
#.##.....##### ###.#..#.#
#.##.##......# ....§).
.÷...##.####.## ......##.
#.#####.##.... ......... ..
#.#####.##.#.# .>......# #.
#.......##.#.# ###...### #.
#######......#


You could see Terence and a kobold.

Vanquished Creatures
  Natasha (thrice) (D:2)
  A dart slug (D:1)
  A leopard gecko (D:1)
  7 bats (D:1)
  A giant cockroach (D:2)
  6 goblins
  4 hobgoblins
  4 jackals (D:1)
  4 kobolds (D:1)
  4 frilled lizards (D:1)
  3 rats
38 creatures vanquished.

Notes
Turn   | Place    | Note
-------+----------+-------------------------------------------
     0 | D:1      | KristoblXynda the Draconian Gladiator began the quest for the Orb.
     0 | D:1      | Reached XP level 1. HP: 17/17 MP: 1/1
   111 | D:1      | Reached XP level 2. HP: 8/24 MP: 2/2
   846 | D:1      | Reached XP level 3. HP: 27/29 MP: 3/3
  1378 | D:2      | Noticed Natasha
  1387 | D:2      | Killed Natasha
  1387 | D:2      | Reached skill level 4 in Long Blades
  1533 | D:2      | Noticed Natasha
  1541 | D:2      | Killed Natasha
  1541 | D:2      | Reached XP level 4. HP: 15/36 MP: 4/4
  1645 | D:2      | Noticed Natasha
  1654 | D:2      | Killed Natasha
  2097 | D:2      | Noticed Terence
  2128 | D:2      | Slain by Terence

Vault maps used:
D:1:      saegor_arrival_simple_b, roderic_serpentine_path, minmay_fountain_box
D:2:      first_ration, uniq_natasha, uniq_terence

Skill      XL: |  1  2  3 |
---------------+----------+-----
Throwing       | 2 |  2.0
Dodging        | 3 |  3.5
Long Blades    | 4 |  4.6
Fighting       | |  2.1

Action                   |  1- 3 |  4- 6 || total
-------------------------+-------+-------++-------
Melee: Long sword        |    91 |    18 ||   109
       Tailslap          |    10 |     6 ||    16
Throw: Throwing net      |       |     4 ||     4
 Stab: Held in net/web   |       |     1 ||     1
  Eat: Chunk             |     2 |     1 ||     3
Armor: Skin              |    30 |     2 ||    32
Dodge: Dodged            |    81 |    10 ||    91
       Rpst.: Long sword |    21 |     1 ||    22

Table legend:
 A = Spawn XP
 B = Non-spawn XP
 C = Spawn XP percentage of total XP
 D = Spawn monster count
 E = Non-spawn monster count
 F = Spawn count percentage of total count
 G = Total turns spent on level
                    A         B        C        D         E        F      G
               +---------+---------+-------+---------+---------+-------+---------
         Total |       0 |     163 |   0.0 |       0 |      38 |   0.0 |  2128
               +---------+---------+-------+---------+---------+-------+---------
           D:1 |       0 |      47 |   0.0 |       0 |      28 |   0.0 |  1334
           D:2 |       0 |     116 |   0.0 |       0 |      10 |   0.0 |   794
               +---------+---------+-------+---------+---------+-------+---------
